WINNIPEG vs ARIZONA

Created - May-14-21 at 12:41

Goals
1 2 3 T
WINNIPEG 0 1 0 1
ARIZONA 2 0 1 3
Shots
1 2 3 T
WINNIPEG 17 5 5 27
ARIZONA 10 10 9 29

1st period

1. ARIZONA , Bryan Little 14 (Evgeni Malkin 42) at 8:36
2. ARIZONA , Adrian Kempe 16 (Henri Jokiharju 23, Mikael Backlund 25) at 9:29

Penalties :
Jay Beagle (WPG) for Slashing (Minor) at 10:27

2nd period

3. WINNIPEG , Jay Beagle 12 (Patrick Kane 44, Marcus Pettersson 25) at 9:04 (PP)

Penalties :
Jay Beagle (WPG) for Roughing (Minor) at 4:57, Nick Holden (ARI) for Hooking (Minor) at 7:44, Alex Ovechkin (WPG) for Roughing (Minor) at 9:32

3rd period

4. ARIZONA , Zack Kassian 10 (Adrian Kempe 32, Mikael Backlund 26) at 17:21

Penalties :
Justin Braun (WPG) for Hooking (Minor) at 0:40, Roman Polak (ARI) for Tripping (Minor) at 3:33

Goalie Stats

Louis Domingue (WPG), 26 saves from 29 shots - (0.897), L, 6-5-4, 60:00 minutes
Corey Crawford (ARI), 26 saves from 27 shots - (0.963), W, 31-18-8, 60:00 minutes

Players Stats for WINNIPEG

Player Name              G  A  P  +/- PIM S  H  SB GA TA FO     MP     PP MP  PK MP  
------------------------------------------------------------------------------------
Alex Biega               0  0  0  -1  0   0  0  0  0  0  0/0     5:04   0:00   0:00 
Alex Ovechkin            0  0  0  -1  2   4  1  0  0  0  0/0    20:01   1:41   0:00 
Alexander Edler          0  0  0  -2  0   0  2  0  0  0  0/0    22:16   1:41   3:54 
Antoine Roussel          0  0  0  -1  0   0  0  0  0  0  1/3    20:59   0:00   2:38 
Chris Tanev              0  0  0   0  0   2  0  5  0  0  0/0    20:02   1:38   4:02 
Dan Hamhuis              0  0  0   0  0   1  0  1  0  0  0/0    13:02   0:00   0:24 
Gustav Forsling          0  0  0  -1  0   1  0  0  0  0  0/0     5:04   0:00   0:00 
J.T. Miller              0  0  0  -1  0   1  0  0  0  0  10/16  17:49   1:41   2:06 
Jay Beagle               1  0  1   0  4   1  2  0  0  0  14/28  18:58   1:05   2:25 
Jonah Gadjovich          0  0  0   0  0   0  0  0  0  0  0/0     0:00   0:00   0:00 
Justin Braun             0  0  0  -2  2   0  2  2  0  0  0/0    21:06   1:41   2:45 
Loui Eriksson            0  0  0  -2  0   1  0  0  0  0  1/2    14:54   0:00   0:00 
Marcus Pettersson        0  1  1   0  0   0  1  1  0  0  0/0    20:02   1:38   4:02 
Nic Dowd                 0  0  0   0  0   0  1  0  0  0  0/0     5:26   0:00   5:26 
Oscar Fantenberg         0  0  0   0  0   1  0  0  0  0  0/0    13:23   0:00   0:45 
Patric Hornqvist         0  0  0  -2  0   2  2  0  0  0  1/3    15:27   0:33   0:00 
Patrick Kane             0  1  1   0  0   5  0  0  0  0  0/2    17:08   1:38   0:00 
Sidney Crosby            0  0  0  -2  0   5  0  0  0  0  9/22   19:52   1:41   3:17 
Tyler Toffoli            0  0  0   0  0   3  0  0  0  0  0/0    17:08   1:38   0:00 
Zack MacEwen             0  0  0   0  0   0  0  0  0  0  1/4     4:19   0:00   0:00 

Players Stats for ARIZONA

Player Name              G  A  P  +/- PIM S  H  SB GA TA FO     MP     PP MP  PK MP  
------------------------------------------------------------------------------------
Adrian Kempe             1  1  2   2  0   1  0  0  0  0  1/1    16:14   3:30   0:00 
Brad Richardson          0  0  0   0  0   1  0  0  0  0  0/0     9:01   0:00   1:56 
Bryan Little             1  0  1   1  0   3  0  0  0  0  1/2    21:36   4:08   1:08 
Conor Sheary             0  0  0   0  0   0  0  0  0  0  1/1    12:36   0:00   0:00 
Evgeni Malkin            0  1  1   1  0   2  1  0  0  0  12/26  20:50   3:48   0:42 
Gabriel Landeskog        0  0  0   1  0   9  2  0  0  0  1/1    20:08   3:48   0:00 
Henri Jokiharju          0  1  1   1  0   0  0  1  0  0  0/0    19:43   3:40   1:31 
Jay Bouwmeester          0  0  0   2  0   1  1  3  0  0  0/0    20:04   4:00   1:06 
Jean-Gabriel Pageau      0  0  0   0  0   2  0  0  0  0  6/14   14:24   0:18   1:30 
Joel Eriksson Ek         0  0  0   0  0   2  0  1  0  0  0/0    13:17   0:00   0:41 
Justin Faulk             0  0  0   0  0   0  1  1  0  0  0/0    24:31   3:56   1:20 
Mario Ferraro            0  0  0   0  0   0  0  0  0  0  0/0     0:00   0:00   0:00 
Mikael Backlund          0  2  2   2  0   4  3  0  0  0  17/27  17:33   4:08   0:41 
Nick Holden              0  0  0   1  2   0  4  1  0  0  0/0    15:49   0:00   1:18 
Nick Shore               0  0  0   0  0   0  0  0  0  0  0/0     0:00   0:00   0:00 
Nicolas Aube-Kubel       0  0  0   0  0   0  2  0  0  0  0/0     7:05   0:00   0:00 
Riley Sheahan            0  0  0   0  0   0  0  0  0  0  4/8     7:05   0:00   0:00 
Roman Polak              0  0  0   2  2   0  5  2  0  0  0/0    15:34   0:00   0:37 
Thomas Chabot            0  0  0   0  0   2  2  1  0  0  0/0    24:17   4:16   0:46 
Zack Kassian             1  0  1   2  0   2  7  0  0  0  0/0    16:52   4:08   0:00 

3 Stars

1 - Zack Kassian (ARI)
2 - Adrian Kempe (ARI)
3 - Mikael Backlund (ARI)

Power Play

WINNIPEG - 1 on 2 Attempt(s) - 50.00%
ARIZONA - 0 on 4 Attempt(s) - 0.00%

Penalty Kill

WINNIPEG - 4 on 4 Attempt(s) - 100.00% - Score 0 goal in Penalty Kill
ARIZONA - 1 on 2 Attempt(s) - 50.00% - Score 0 goal in Penalty Kill

Team Stat

WINNIPEG - Hits : 11 - Faceoff Wins : 37 - Blocked Shots : 9 - Penalty Minutes : 8
ARIZONA - Hits : 28 - Faceoff Wins : 43 - Blocked Shots : 10 - Penalty Minutes : 4

Official

Referees : Adam Buckingham and Ian Bussieres
Linesman : Dylan Bierwirth and Brendan Lewis

Game Notes

No Game Note

Finance

Level 1 -- Attendance: 5716 (95.27%) -- Ticket Income $497,292
Level 2 -- Attendance: 4788 (95.76%) -- Ticket Income $277,704
Level 3 -- Attendance: 1977 (98.85%) -- Ticket Income $69,195
Level 4 -- Attendance: 3998 (99.95%) -- Ticket Income $79,960
Luxury Box -- Attendance: 860 (86.00%) -- Ticket Income $159,100
Game was played at the Gila River Arena.
Total Attendance: 17339 (96.33%)
Total Ticket Income: $1,083,251
Total Income: $1,083,251

WINNIPEG

5 vs 5 Forward 
   Center                   Left Wing                Right Wing               Time % Phy DF OF 
 1 J.T. Miller              Alex Ovechkin            Antoine Roussel          33     1   2  2  
 2 Jay Beagle               Patrick Kane             Tyler Toffoli            32     1   2  2  
 3 Sidney Crosby            Loui Eriksson            Patric Hornqvist         30     1   2  2  
 4 Zack MacEwen             Antoine Roussel          Alex Ovechkin            5      1   2  2  

5 vs 5 Defense 
   Defense                  Defense                                           Time % Phy DF OF 
 1 Alexander Edler          Justin Braun                                      35     1   2  2  
 2 Chris Tanev              Marcus Pettersson                                 30     1   2  2  
 3 Oscar Fantenberg         Dan Hamhuis                                       25     1   2  2  
 4 Alex Biega               Gustav Forsling                                   10     1   2  2  

PowerPlay Forward 
   Center                   Left Wing                Right Wing               Time % Phy DF OF 
 1 Sidney Crosby            Alex Ovechkin            J.T. Miller              60     1   2  2  
 2 Jay Beagle               Patrick Kane             Tyler Toffoli            40     1   2  2  

PowerPlay Defense
   Defense                  Defense                                           Time % Phy DF OF 
 1 Alexander Edler          Justin Braun                                      60     1   2  2  
 2 Chris Tanev              Marcus Pettersson                                 40     1   2  2  

Penalty Kill 4 Players Forward 
   Center                   Wing                     Time % Phy DF OF 
 1 Jay Beagle               Nic Dowd                 60     1   2  2  
 2 Sidney Crosby            J.T. Miller              40     1   2  2  

Penalty Kill 4 Players Defense
   Defense                  Defense                  Time % Phy DF OF 
 1 Alexander Edler          Justin Braun             60     1   2  2  
 2 Chris Tanev              Marcus Pettersson        40     1   2  2  

Penalty Kill - 3 Players Forward 
   Forward                                           Time % Phy DF OF 
 1 Jay Beagle                                        60     1   2  2  
 2 Sidney Crosby                                     40     1   2  2  

Penalty Kill - 3 Players Defense
   Defense                  Defense                  Time % Phy DF OF 
 1 Alexander Edler          Justin Braun             60     1   2  2  
 2 Chris Tanev              Marcus Pettersson        40     1   2  2  

4 vs 4 Forward 
   Center                   Wing                     Time % Phy DF OF 
 1 Alex Ovechkin            Patrick Kane             60     1   2  2  
 2 Sidney Crosby            J.T. Miller              40     1   2  2  

4 vs 4 Defense
   Defense                  Defense                  Time % Phy DF OF 
 1 Alexander Edler          Justin Braun             60     1   2  2  
 2 Chris Tanev              Marcus Pettersson        40     1   2  2  

Last Minutes Offensive
   Center                   Left Wing                Right Wing               Defense                  Defense                  
   Sidney Crosby            Alex Ovechkin            J.T. Miller              Tyler Toffoli            Patrick Kane             

Last Minutes Defensive
   Center                   Left Wing                Right Wing               Defense                  Defense                  
   Sidney Crosby            Alex Ovechkin            J.T. Miller              Alexander Edler          Justin Braun             

Goaltenders
Starting : Louis Domingue           
Backup : Connor Hellebuyck        

Extra Forwards
Normal : Patric Hornqvist, Loui Eriksson, Antoine Roussel - PP : Patric Hornqvist, Loui Eriksson - PK : Antoine Roussel
Extra Defensemen
Normal : Jonah Gadjovich, Oscar Fantenberg, Dan Hamhuis - PP : Jonah Gadjovich - PK : Oscar Fantenberg, Dan Hamhuis
Penalty Shots
Alex Ovechkin, Patrick Kane, Sidney Crosby, J.T. Miller, Tyler Toffoli

Scratches
None

ARIZONA

5 vs 5 Forward 
   Center                   Left Wing                Right Wing               Time % Phy DF OF 
 1 Evgeni Malkin            Bryan Little             Gabriel Landeskog        40     1   2  2  
 2 Mikael Backlund          Adrian Kempe             Zack Kassian             30     1   2  2  
 3 Jean-Gabriel Pageau      Joel Eriksson Ek         Conor Sheary             25     1   2  2  
 4 Riley Sheahan            Brad Richardson          Nicolas Aube-Kubel       5      1   2  2  

5 vs 5 Defense 
   Defense                  Defense                                           Time % Phy DF OF 
 1 Justin Faulk             Thomas Chabot                                     35     1   2  2  
 2 Jay Bouwmeester          Roman Polak                                       30     1   2  2  
 3 Henri Jokiharju          Nick Holden                                       25     1   2  2  
 4 Justin Faulk             Thomas Chabot                                     10     1   2  2  

PowerPlay Forward 
   Center                   Left Wing                Right Wing               Time % Phy DF OF 
 1 Evgeni Malkin            Gabriel Landeskog        Adrian Kempe             60     1   2  2  
 2 Mikael Backlund          Bryan Little             Zack Kassian             40     1   2  2  

PowerPlay Defense
   Defense                  Defense                                           Time % Phy DF OF 
 1 Justin Faulk             Thomas Chabot                                     60     1   2  2  
 2 Jay Bouwmeester          Henri Jokiharju                                   40     1   2  2  

Penalty Kill 4 Players Forward 
   Center                   Wing                     Time % Phy DF OF 
 1 Jean-Gabriel Pageau      Brad Richardson          60     1   2  2  
 2 Mikael Backlund          Joel Eriksson Ek         40     1   2  2  

Penalty Kill 4 Players Defense
   Defense                  Defense                  Time % Phy DF OF 
 1 Justin Faulk             Jay Bouwmeester          60     1   2  2  
 2 Nick Holden              Roman Polak              40     1   2  2  

Penalty Kill - 3 Players Forward 
   Forward                                           Time % Phy DF OF 
 1 Jean-Gabriel Pageau                               60     1   2  2  
 2 Riley Sheahan                                     40     1   2  2  

Penalty Kill - 3 Players Defense
   Defense                  Defense                  Time % Phy DF OF 
 1 Justin Faulk             Roman Polak              60     1   2  2  
 2 Jay Bouwmeester          Nick Holden              40     1   2  2  

4 vs 4 Forward 
   Center                   Wing                     Time % Phy DF OF 
 1 Evgeni Malkin            Gabriel Landeskog        60     1   2  2  
 2 Mikael Backlund          Jean-Gabriel Pageau      40     1   2  2  

4 vs 4 Defense
   Defense                  Defense                  Time % Phy DF OF 
 1 Justin Faulk             Thomas Chabot            60     1   2  2  
 2 Jay Bouwmeester          Roman Polak              40     1   2  2  

Last Minutes Offensive
   Center                   Left Wing                Right Wing               Defense                  Defense                  
   Evgeni Malkin            Gabriel Landeskog        Adrian Kempe             Justin Faulk             Thomas Chabot            

Last Minutes Defensive
   Center                   Left Wing                Right Wing               Defense                  Defense                  
   Jean-Gabriel Pageau      Brad Richardson          Gabriel Landeskog        Justin Faulk             Jay Bouwmeester          

Goaltenders
Starting : Corey Crawford           
Backup : Alexandar Georgiev       

Extra Forwards
Normal : Zack Kassian, Joel Eriksson Ek, Brad Richardson - PP : Jean-Gabriel Pageau, Conor Sheary - PK : Brad Richardson
Extra Defensemen
Normal : Roman Polak, Nick Holden, Henri Jokiharju - PP : Henri Jokiharju - PK : Roman Polak, Nick Holden
Penalty Shots
Evgeni Malkin, Gabriel Landeskog, Mikael Backlund, Jean-Gabriel Pageau, Bryan Little

Scratches
ARI Cap Hit (Suspend), Jacob Larsson (Healthy)

% Time on Ice - WINNIPEG

Lines # - Real PCT - Wanted PCT - Time Play
Normal Forward
1 - 29% - 33% - 14:02
2 - 32% - 32% - 15:30
3 - 31% - 30% - 14:54
4 - 9% - 5% - 4:19
Normal Defense
1 - 34% - 35% - 16:41
2 - 29% - 30% - 14:22
3 - 26% - 25% - 12:38
4 - 10% - 10% - 5:04
PP Forward
1 - 51% - 60% - 1:41
2 - 49% - 40% - 1:38
PP Defense
1 - 51% - 60% - 1:41
2 - 49% - 40% - 1:38
PK Forward
1 - 74% - 60% - 5:50
2 - 26% - 40% - 2:06
PK Defense
1 - 49% - 60% - 3:54
2 - 51% - 40% - 4:02
PK3 Forward
1 - 0% - 60%
2 - 0% - 40%
PK3 Defense
1 - 0% - 60%
2 - 0% - 40%
44 Forward
1 - 0% - 60%
2 - 0% - 40%
44 Defense
1 - 0% - 60%
2 - 0% - 40%
Last Minute Offensive  - 0:00
Last Minute Defensive  - 0:00
Total
Forward - 60:00
Defense - 60:00

% Time on Ice - ARIZONA

Lines # - Real PCT - Wanted PCT - Time Play
Normal Forward
1 - 34% - 40% - 16:20
2 - 26% - 30% - 12:44
3 - 26% - 25% - 12:36
4 - 15% - 5% - 7:05
Normal Defense
1 - 34% - 35% - 16:32
2 - 31% - 30% - 14:58
3 - 30% - 25% - 14:32
4 - 6% - 10% - 2:43
PP Forward
1 - 48% - 60% - 3:48
2 - 52% - 40% - 4:08
PP Defense
1 - 54% - 60% - 4:16
2 - 46% - 40% - 3:40
PK Forward
1 - 79% - 60% - 2:38
2 - 21% - 40% - 0:41
PK Defense
1 - 40% - 60% - 1:20
2 - 60% - 40% - 1:59
PK3 Forward
1 - 0% - 60%
2 - 0% - 40%
PK3 Defense
1 - 0% - 60%
2 - 0% - 40%
44 Forward
1 - 0% - 60%
2 - 0% - 40%
44 Defense
1 - 0% - 60%
2 - 0% - 40%
Last Minute Offensive  - 0:00
Last Minute Defensive  - 0:00
Total
Forward - 60:00
Defense - 60:00

Play-by-Play

1st period


0:01 of 1st period - Evgeni Malkin wins face-off versus J.T. Miller in neutral zone.
0:19 of 1st period - Shot by Evgeni Malkin.
0:19 of 1st period - Deflect By Gabriel Landeskog.
0:19 of 1st period - Shot Misses the Net.
0:27 of 1st period - Shot by Gabriel Landeskog.
0:27 of 1st period - Stopped by Louis Domingue without a rebound.
0:28 of 1st period - Jay Beagle wins face-off versus Mikael Backlund in WINNIPEG zone.
0:32 of 1st period - Chris Tanev is hit by Roman Polak.
0:46 of 1st period - Shot by Patrick Kane.
0:46 of 1st period - Shot Blocked by Roman Polak.
0:50 of 1st period - Shot by Chris Tanev.
0:50 of 1st period - Stopped by Corey Crawford without a rebound.
0:51 of 1st period - Jean-Gabriel Pageau wins face-off versus Loui Eriksson in ARIZONA zone.
1:02 of 1st period - Off-side.
1:03 of 1st period - Zack MacEwen wins face-off versus Riley Sheahan in neutral zone.
2:09 of 1st period - Oscar Fantenberg is hit by Gabriel Landeskog and loses puck.
2:20 of 1st period - Shot by Sidney Crosby.
2:20 of 1st period - Deflect By Loui Eriksson.
2:20 of 1st period - Stopped by Corey Crawford without a rebound.
2:21 of 1st period - Conor Sheary wins face-off versus Patrick Kane in ARIZONA zone.
2:32 of 1st period - Shot by Patrick Kane.
2:32 of 1st period - Stopped by Corey Crawford without a rebound.
2:33 of 1st period - Mikael Backlund wins face-off versus Patric Hornqvist in ARIZONA zone.
2:40 of 1st period - Shot by Mikael Backlund.
2:40 of 1st period - Shot Misses the Net.
3:00 of 1st period - Sidney Crosby is hit by Thomas Chabot and loses puck.
3:03 of 1st period - Shot by Chris Tanev.
3:03 of 1st period - Stopped by Corey Crawford without a rebound.
3:04 of 1st period - Jean-Gabriel Pageau wins face-off versus Jay Beagle in ARIZONA zone.
3:17 of 1st period - Shot by Conor Sheary.
3:17 of 1st period - Shot Blocked by Justin Braun.
3:33 of 1st period - Shot by Conor Sheary.
3:33 of 1st period - Shot Misses the Net.
3:35 of 1st period - Shot by Roman Polak.
3:35 of 1st period - Deflect By Joel Eriksson Ek.
3:35 of 1st period - Stopped by Louis Domingue without a rebound.
3:36 of 1st period - J.T. Miller wins face-off versus Evgeni Malkin in WINNIPEG zone.
4:11 of 1st period - Shot by Gabriel Landeskog.
4:11 of 1st period - Stopped by Louis Domingue without a rebound.
4:12 of 1st period - Mikael Backlund wins face-off versus Sidney Crosby in WINNIPEG zone.
4:43 of 1st period - Shot by Adrian Kempe.
4:43 of 1st period - Shot Blocked by Chris Tanev.
4:52 of 1st period - Icing by Chris Tanev.
4:53 of 1st period - Sidney Crosby wins face-off versus Jean-Gabriel Pageau in WINNIPEG zone.
5:13 of 1st period - Shot by Jay Bouwmeester.
5:13 of 1st period - Stopped by Louis Domingue with a rebound.
5:32 of 1st period - Shot by J.T. Miller.
5:32 of 1st period - Shot Hit the Post.
5:38 of 1st period - Shot by Alex Ovechkin.
5:38 of 1st period - Shot Misses the Net.
5:40 of 1st period - Shot by Alexander Edler.
5:40 of 1st period - Shot Misses the Net.
6:30 of 1st period - Shot by Tyler Toffoli.
6:30 of 1st period - Stopped by Corey Crawford with a rebound.
6:38 of 1st period - Shot by Tyler Toffoli.
6:38 of 1st period - Stopped by Corey Crawford with a rebound.
7:04 of 1st period - Shot by Sidney Crosby.
7:04 of 1st period - Stopped by Corey Crawford without a rebound.
7:05 of 1st period - Mikael Backlund wins face-off versus Zack MacEwen in ARIZONA zone.
7:18 of 1st period - Shot by Alex Ovechkin.
7:18 of 1st period - Stopped by Corey Crawford with a rebound.
7:20 of 1st period - Shot by Alex Ovechkin.
7:20 of 1st period - Shot Blocked by Henri Jokiharju.
7:28 of 1st period - Shot by Alex Ovechkin.
7:28 of 1st period - Shot Misses the Net.
8:36 of 1st period - Shot by Bryan Little.
8:36 of 1st period - Goal by Bryan Little - WINNIPEG : 0 - ARIZONA : 1.
8:37 of 1st period - Evgeni Malkin wins face-off versus Jay Beagle in neutral zone.
8:44 of 1st period - Shot by Gabriel Landeskog.
8:44 of 1st period - Shot Misses the Net.
8:49 of 1st period - Patrick Kane is hit by Roman Polak.
8:55 of 1st period - Shot by Patrick Kane.
8:55 of 1st period - Shot Blocked by Jay Bouwmeester.
8:57 of 1st period - Shot by Dan Hamhuis.
8:57 of 1st period - Stopped by Corey Crawford with a rebound.
8:59 of 1st period - Shot by Patrick Kane.
8:59 of 1st period - Stopped by Corey Crawford without a rebound.
9:00 of 1st period - Sidney Crosby wins face-off versus Mikael Backlund in ARIZONA zone.
9:16 of 1st period - Alex Biega is hit by Zack Kassian and loses puck.
9:29 of 1st period - Shot by Adrian Kempe.
9:29 of 1st period - Goal by Adrian Kempe - WINNIPEG : 0 - ARIZONA : 2.
9:30 of 1st period - Jay Beagle wins face-off versus Evgeni Malkin in neutral zone.
9:44 of 1st period - Icing by Bryan Little.
9:45 of 1st period - J.T. Miller wins face-off versus Evgeni Malkin in ARIZONA zone.
9:49 of 1st period - Shot by J.T. Miller.
9:49 of 1st period - Shot Blocked by Thomas Chabot.
10:22 of 1st period - Shot by Alex Ovechkin.
10:22 of 1st period - Stopped by Corey Crawford without a rebound.
10:23 of 1st period - Jay Beagle wins face-off versus Jean-Gabriel Pageau in ARIZONA zone.
10:27 of 1st period - Minor Penalty to Jay Beagle for Slashing.
10:28 of 1st period - Sidney Crosby wins face-off versus Mikael Backlund in WINNIPEG zone.
10:37 of 1st period - Marcus Pettersson is hit by Mikael Backlund and loses puck.
10:42 of 1st period - Shot by Zack Kassian.
10:42 of 1st period - Shot Misses the Net.
10:44 of 1st period - Shot by Jay Bouwmeester.
10:44 of 1st period - Shot Blocked by Chris Tanev.
10:46 of 1st period - Shot by Henri Jokiharju.
10:46 of 1st period - Deflect By Mikael Backlund.
10:46 of 1st period - Stopped by Louis Domingue without a rebound.
10:47 of 1st period - Evgeni Malkin wins face-off versus Antoine Roussel in WINNIPEG zone.
10:52 of 1st period - Shot by Adrian Kempe.
10:52 of 1st period - Deflect By Evgeni Malkin.
10:52 of 1st period - Stopped by Louis Domingue without a rebound.
10:53 of 1st period - Evgeni Malkin wins face-off versus Antoine Roussel in WINNIPEG zone.
11:31 of 1st period - Shot by Evgeni Malkin.
11:31 of 1st period - Stopped by Louis Domingue without a rebound.
11:32 of 1st period - Mikael Backlund wins face-off versus Sidney Crosby in WINNIPEG zone.
11:53 of 1st period - Icing by Mikael Backlund.
11:54 of 1st period - Mikael Backlund wins face-off versus Sidney Crosby in ARIZONA zone.
13:30 of 1st period - Icing by Dan Hamhuis.
13:31 of 1st period - J.T. Miller wins face-off versus Evgeni Malkin in WINNIPEG zone.
13:43 of 1st period - Shot by Alex Ovechkin.
13:43 of 1st period - Stopped by Corey Crawford without a rebound.
13:44 of 1st period - Mikael Backlund wins face-off versus Patric Hornqvist in ARIZONA zone.
13:58 of 1st period - Shot by Mikael Backlund.
13:58 of 1st period - Stopped by Louis Domingue without a rebound.
13:59 of 1st period - J.T. Miller wins face-off versus Evgeni Malkin in WINNIPEG zone.
14:13 of 1st period - Henri Jokiharju is hit by Alexander Edler and loses puck.
14:16 of 1st period - Shot by Evgeni Malkin.
14:16 of 1st period - Shot Misses the Net.
14:37 of 1st period - Gabriel Landeskog is hit by Alexander Edler and loses puck.
14:45 of 1st period - Icing by Justin Braun.
14:46 of 1st period - J.T. Miller wins face-off versus Mikael Backlund in WINNIPEG zone.
14:58 of 1st period - Icing by Thomas Chabot.
14:59 of 1st period - Mikael Backlund wins face-off versus Jay Beagle in ARIZONA zone.
15:28 of 1st period - Shot by Patrick Kane.
15:28 of 1st period - Deflect By Tyler Toffoli.
15:28 of 1st period - Stopped by Corey Crawford without a rebound.
15:29 of 1st period - Sidney Crosby wins face-off versus Evgeni Malkin in ARIZONA zone.
15:32 of 1st period - Shot by Dan Hamhuis.
15:32 of 1st period - Deflect By Sidney Crosby.
15:32 of 1st period - Stopped by Corey Crawford without a rebound.
15:33 of 1st period - Evgeni Malkin wins face-off versus Sidney Crosby in ARIZONA zone.
15:33 of 1st period - Roman Polak is hit by Patric Hornqvist and loses puck.
16:06 of 1st period - Shot by Sidney Crosby.
16:06 of 1st period - Stopped by Corey Crawford without a rebound.
16:07 of 1st period - Mikael Backlund wins face-off versus Jay Beagle in ARIZONA zone.
16:36 of 1st period - Shot by Patrick Kane.
16:36 of 1st period - Stopped by Corey Crawford without a rebound.
16:37 of 1st period - J.T. Miller wins face-off versus Jean-Gabriel Pageau in ARIZONA zone.
17:05 of 1st period - Shot by Jean-Gabriel Pageau.
17:05 of 1st period - Shot Misses the Net.
17:07 of 1st period - Shot by Conor Sheary.
17:07 of 1st period - Shot Misses the Net.
17:53 of 1st period - Sidney Crosby is hit by Jay Bouwmeester.
17:55 of 1st period - Shot by Patric Hornqvist.
17:55 of 1st period - Shot Misses the Net.
19:13 of 1st period - Icing by Nick Holden.
19:14 of 1st period - Riley Sheahan wins face-off versus J.T. Miller in ARIZONA zone.
19:49 of 1st period - Alex Ovechkin is hit by Nick Holden and loses puck.
19:52 of 1st period - Shot by J.T. Miller.
19:52 of 1st period - Stopped by Corey Crawford without a rebound.
19:53 of 1st period - Sidney Crosby wins face-off versus Evgeni Malkin in ARIZONA zone.
19:53 of 1st period - Loui Eriksson is hit by Roman Polak and loses puck.
19:56 of 1st period - Shot by Patric Hornqvist.
19:56 of 1st period - Shot Misses the Net.
19:58 of 1st period - Shot by Patric Hornqvist.
19:58 of 1st period - Deflect By Sidney Crosby.
19:58 of 1st period - Shot Blocked by Jay Bouwmeester.
Goals for this period are 0 for WINNIPEG vs 2 for ARIZONA.
Shots for this period are 17 for WINNIPEG vs 10 for ARIZONA.

2nd period


0:01 of 2nd period - Jay Beagle wins face-off versus Evgeni Malkin in neutral zone.
0:10 of 2nd period - Justin Faulk is hit by Jay Beagle and loses puck.
0:37 of 2nd period - Shot by Evgeni Malkin.
0:37 of 2nd period - Shot Misses the Net.
1:04 of 2nd period - Shot by Alex Ovechkin.
1:04 of 2nd period - Shot Misses the Net.
1:06 of 2nd period - Shot by J.T. Miller.
1:06 of 2nd period - Shot Misses the Net.
1:08 of 2nd period - Shot by Alex Ovechkin.
1:08 of 2nd period - Shot Hit the Post.
2:29 of 2nd period - Icing by Roman Polak.
2:30 of 2nd period - Jay Beagle wins face-off versus Jean-Gabriel Pageau in ARIZONA zone.
2:49 of 2nd period - Shot by Patrick Kane.
2:49 of 2nd period - Shot Blocked by Roman Polak.
3:04 of 2nd period - Patrick Kane is hit by Zack Kassian.
3:17 of 2nd period - Off-side.
3:18 of 2nd period - Riley Sheahan wins face-off versus J.T. Miller in neutral zone.
3:18 of 2nd period - Justin Faulk is hit by Alex Ovechkin and loses puck.
4:13 of 2nd period - Off-side.
4:14 of 2nd period - Evgeni Malkin wins face-off versus Sidney Crosby in neutral zone.
4:22 of 2nd period - Icing by Patric Hornqvist.
4:23 of 2nd period - Mikael Backlund wins face-off versus Sidney Crosby in WINNIPEG zone.
4:30 of 2nd period - Shot by Mikael Backlund.
4:30 of 2nd period - Shot Misses the Net.
4:36 of 2nd period - Shot by Sidney Crosby.
4:36 of 2nd period - Shot Misses the Net.
4:50 of 2nd period - Alexander Edler is hit by Nick Holden and loses puck.
4:56 of 2nd period - Icing by Henri Jokiharju.
4:57 of 2nd period - Mikael Backlund wins face-off versus Jay Beagle in ARIZONA zone.
4:57 of 2nd period - Minor Penalty to Jay Beagle for Roughing.
4:58 of 2nd period - Antoine Roussel wins face-off versus Evgeni Malkin in WINNIPEG zone.
5:37 of 2nd period - Shot by Evgeni Malkin.
5:37 of 2nd period - Deflect By Gabriel Landeskog.
5:37 of 2nd period - Stopped by Louis Domingue with a rebound.
6:05 of 2nd period - Shot by Bryan Little.
6:05 of 2nd period - Stopped by Louis Domingue with a rebound.
6:19 of 2nd period - Shot by Bryan Little.
6:19 of 2nd period - Shot Blocked by Chris Tanev.
6:43 of 2nd period - Shot by Thomas Chabot.
6:43 of 2nd period - Stopped by Louis Domingue without a rebound.
6:44 of 2nd period - Mikael Backlund wins face-off versus Sidney Crosby in WINNIPEG zone.
7:05 of 2nd period - Shot by Oscar Fantenberg.
7:05 of 2nd period - Stopped by Corey Crawford without a rebound.
7:06 of 2nd period - Jay Beagle wins face-off versus Riley Sheahan in ARIZONA zone.
7:24 of 2nd period - Tyler Toffoli is hit by Nick Holden and loses puck.
7:44 of 2nd period - Minor Penalty to Nick Holden for Hooking.
7:45 of 2nd period - Sidney Crosby wins face-off versus Jean-Gabriel Pageau in ARIZONA zone.
8:41 of 2nd period - Marcus Pettersson is hit by Mikael Backlund and loses puck.
8:52 of 2nd period - Shot by Chris Tanev.
8:52 of 2nd period - Shot Misses the Net.
8:54 of 2nd period - Shot by Marcus Pettersson.
8:54 of 2nd period - Shot Misses the Net.
9:04 of 2nd period - Shot by Patrick Kane.
9:04 of 2nd period - Deflect By Jay Beagle.
9:04 of 2nd period - Goal by Jay Beagle - WINNIPEG : 1 - ARIZONA : 2.
9:05 of 2nd period - Sidney Crosby wins face-off versus Evgeni Malkin in neutral zone.
9:15 of 2nd period - Loui Eriksson is hit by Thomas Chabot and loses puck.
9:23 of 2nd period - Loui Eriksson is hit by Justin Faulk and loses puck.
9:31 of 2nd period - Off-side.
9:32 of 2nd period - Mikael Backlund wins face-off versus Zack MacEwen in neutral zone.
9:32 of 2nd period - Minor Penalty to Alex Ovechkin for Roughing.
9:33 of 2nd period - Evgeni Malkin wins face-off versus Jay Beagle in WINNIPEG zone.
9:46 of 2nd period - Shot by Justin Faulk.
9:46 of 2nd period - Shot Misses the Net.
10:43 of 2nd period - Mikael Backlund is hit by Justin Braun and loses puck.
11:16 of 2nd period - Shot by Gabriel Landeskog.
11:16 of 2nd period - Stopped by Louis Domingue without a rebound.
11:17 of 2nd period - Jay Beagle wins face-off versus Mikael Backlund in WINNIPEG zone.
12:19 of 2nd period - Shot by Patrick Kane.
12:19 of 2nd period - Shot Blocked by Joel Eriksson Ek.
12:59 of 2nd period - Shot by Brad Richardson.
12:59 of 2nd period - Shot Blocked by Chris Tanev.
13:04 of 2nd period - Sidney Crosby is hit by Nicolas Aube-Kubel and loses puck.
13:49 of 2nd period - Justin Braun is hit by Nicolas Aube-Kubel and loses puck.
14:14 of 2nd period - Shot by Gabriel Landeskog.
14:14 of 2nd period - Shot Blocked by Justin Braun.
14:16 of 2nd period - Shot by Gabriel Landeskog.
14:16 of 2nd period - Stopped by Louis Domingue without a rebound.
14:17 of 2nd period - Mikael Backlund wins face-off versus Patrick Kane in WINNIPEG zone.
14:21 of 2nd period - Icing by Oscar Fantenberg.
14:22 of 2nd period - Jay Beagle wins face-off versus Mikael Backlund in WINNIPEG zone.
15:01 of 2nd period - Icing by Patrick Kane.
15:02 of 2nd period - Bryan Little wins face-off versus Jay Beagle in WINNIPEG zone.
15:03 of 2nd period - Shot by Evgeni Malkin.
15:03 of 2nd period - Shot Misses the Net.
15:05 of 2nd period - Shot by Gabriel Landeskog.
15:05 of 2nd period - Stopped by Louis Domingue without a rebound.
15:06 of 2nd period - Loui Eriksson wins face-off versus Evgeni Malkin in WINNIPEG zone.
15:13 of 2nd period - Shot by Sidney Crosby.
15:13 of 2nd period - Stopped by Corey Crawford without a rebound.
15:14 of 2nd period - J.T. Miller wins face-off versus Evgeni Malkin in ARIZONA zone.
16:54 of 2nd period - Icing by Marcus Pettersson.
16:55 of 2nd period - Jean-Gabriel Pageau wins face-off versus Sidney Crosby in WINNIPEG zone.
16:56 of 2nd period - Shot by Joel Eriksson Ek.
16:56 of 2nd period - Shot Blocked by Marcus Pettersson.
16:58 of 2nd period - Shot by Joel Eriksson Ek.
16:58 of 2nd period - Stopped by Louis Domingue without a rebound.
16:59 of 2nd period - Jay Beagle wins face-off versus Jean-Gabriel Pageau in WINNIPEG zone.
17:16 of 2nd period - Shot by Jean-Gabriel Pageau.
17:16 of 2nd period - Stopped by Louis Domingue with a rebound.
17:18 of 2nd period - Shot by Jean-Gabriel Pageau.
17:18 of 2nd period - Stopped by Louis Domingue without a rebound.
17:19 of 2nd period - Evgeni Malkin wins face-off versus J.T. Miller in WINNIPEG zone.
17:46 of 2nd period - Shot by Gabriel Landeskog.
17:46 of 2nd period - Stopped by Louis Domingue without a rebound.
17:47 of 2nd period - Jay Beagle wins face-off versus Mikael Backlund in WINNIPEG zone.
17:47 of 2nd period - Jay Beagle is hit by Zack Kassian.
17:50 of 2nd period - Icing by Patrick Kane.
17:51 of 2nd period - Jay Beagle wins face-off versus Mikael Backlund in WINNIPEG zone.
17:55 of 2nd period - Patrick Kane is hit by Zack Kassian and loses puck.
18:14 of 2nd period - Justin Braun is hit by Mikael Backlund and loses puck.
18:21 of 2nd period - Justin Faulk is hit by Jay Beagle and loses puck.
19:50 of 2nd period - Shot by Patric Hornqvist.
19:50 of 2nd period - Stopped by Corey Crawford without a rebound.
19:51 of 2nd period - Jay Beagle wins face-off versus Riley Sheahan in ARIZONA zone.
19:56 of 2nd period - Shot by Patrick Kane.
19:56 of 2nd period - Deflect By Tyler Toffoli.
19:56 of 2nd period - Shot Misses the Net.
19:58 of 2nd period - Shot by Gustav Forsling.
19:58 of 2nd period - Stopped by Corey Crawford with a rebound.
Goals for this period are 1 for WINNIPEG vs 0 for ARIZONA.
Shots for this period are 5 for WINNIPEG vs 10 for ARIZONA.

3rd period


0:01 of 3rd period - J.T. Miller wins face-off versus Evgeni Malkin in neutral zone.
0:40 of 3rd period - Minor Penalty to Justin Braun for Hooking.
0:41 of 3rd period - Jay Beagle wins face-off versus Mikael Backlund in WINNIPEG zone.
0:41 of 3rd period - Chris Tanev is hit by Zack Kassian and loses puck.
0:56 of 3rd period - Shot by Bryan Little.
0:56 of 3rd period - Shot Misses the Net.
0:58 of 3rd period - Shot by Mikael Backlund.
0:58 of 3rd period - Stopped by Louis Domingue without a rebound.
0:59 of 3rd period - Evgeni Malkin wins face-off versus Jay Beagle in WINNIPEG zone.
1:26 of 3rd period - Icing by Adrian Kempe.
1:27 of 3rd period - Gabriel Landeskog wins face-off versus Sidney Crosby in ARIZONA zone.
1:56 of 3rd period - Henri Jokiharju is hit by Nic Dowd.
2:44 of 3rd period - Shot by Sidney Crosby.
2:44 of 3rd period - Shot Misses the Net.
2:50 of 3rd period - Shot by Loui Eriksson.
2:50 of 3rd period - Shot Blocked by Jay Bouwmeester.
3:01 of 3rd period - Sidney Crosby is hit by Roman Polak.
3:18 of 3rd period - Patric Hornqvist is hit by Roman Polak.
3:33 of 3rd period - Minor Penalty to Roman Polak for Tripping.
3:34 of 3rd period - Jay Beagle wins face-off versus Bryan Little in ARIZONA zone.
4:21 of 3rd period - Shot by Alex Ovechkin.
4:21 of 3rd period - Stopped by Corey Crawford without a rebound.
4:22 of 3rd period - Sidney Crosby wins face-off versus Jean-Gabriel Pageau in ARIZONA zone.
4:25 of 3rd period - Shot by J.T. Miller.
4:25 of 3rd period - Shot Blocked by Justin Faulk.
5:08 of 3rd period - Icing by Chris Tanev.
5:09 of 3rd period - Patric Hornqvist wins face-off versus Jean-Gabriel Pageau in WINNIPEG zone.
5:52 of 3rd period - Shot by Antoine Roussel.
5:52 of 3rd period - Shot Misses the Net.
6:26 of 3rd period - Shot by Alexander Edler.
6:26 of 3rd period - Shot Misses the Net.
6:50 of 3rd period - Shot by Patrick Kane.
6:50 of 3rd period - Stopped by Corey Crawford without a rebound.
6:51 of 3rd period - Sidney Crosby wins face-off versus Riley Sheahan in ARIZONA zone.
6:52 of 3rd period - Shot by Patric Hornqvist.
6:52 of 3rd period - Stopped by Corey Crawford without a rebound.
6:53 of 3rd period - Evgeni Malkin wins face-off versus Sidney Crosby in ARIZONA zone.
7:10 of 3rd period - Shot by Bryan Little.
7:10 of 3rd period - Shot Blocked by Chris Tanev.
7:26 of 3rd period - Shot by Gabriel Landeskog.
7:26 of 3rd period - Stopped by Louis Domingue without a rebound.
7:27 of 3rd period - Mikael Backlund wins face-off versus Jay Beagle in WINNIPEG zone.
8:33 of 3rd period - Roman Polak is hit by Marcus Pettersson and loses puck.
10:00 of 3rd period - Henri Jokiharju is hit by Patric Hornqvist.
10:19 of 3rd period - Icing by Evgeni Malkin.
10:20 of 3rd period - Evgeni Malkin wins face-off versus Jay Beagle in ARIZONA zone.
10:33 of 3rd period - Shot by Mikael Backlund.
10:33 of 3rd period - Stopped by Louis Domingue without a rebound.
10:34 of 3rd period - Mikael Backlund wins face-off versus J.T. Miller in WINNIPEG zone.
10:43 of 3rd period - Shot by Adrian Kempe.
10:43 of 3rd period - Shot Misses the Net.
10:45 of 3rd period - Shot by Zack Kassian.
10:45 of 3rd period - Shot Misses the Net.
10:57 of 3rd period - Shot by Mikael Backlund.
10:57 of 3rd period - Shot Misses the Net.
10:59 of 3rd period - Shot by Thomas Chabot.
10:59 of 3rd period - Shot Misses the Net.
11:01 of 3rd period - Shot by Thomas Chabot.
11:01 of 3rd period - Stopped by Louis Domingue with a rebound.
11:03 of 3rd period - Shot by Zack Kassian.
11:03 of 3rd period - Stopped by Louis Domingue without a rebound.
11:04 of 3rd period - Riley Sheahan wins face-off versus Jay Beagle in WINNIPEG zone.
11:05 of 3rd period - Shot by Brad Richardson.
11:05 of 3rd period - Stopped by Louis Domingue with a rebound.
11:34 of 3rd period - Off-side.
11:35 of 3rd period - Jean-Gabriel Pageau wins face-off versus Sidney Crosby in neutral zone.
11:52 of 3rd period - Shot by Conor Sheary.
11:52 of 3rd period - Shot Misses the Net.
13:07 of 3rd period - Alex Ovechkin is hit by Nick Holden and loses puck.
13:34 of 3rd period - Shot by Jay Beagle.
13:34 of 3rd period - Shot Misses the Net.
13:36 of 3rd period - Shot by Oscar Fantenberg.
13:36 of 3rd period - Shot Blocked by Nick Holden.
13:54 of 3rd period - Shot by Patrick Kane.
13:54 of 3rd period - Stopped by Corey Crawford without a rebound.
13:55 of 3rd period - Mikael Backlund wins face-off versus Sidney Crosby in ARIZONA zone.
14:10 of 3rd period - Shot by Sidney Crosby.
14:10 of 3rd period - Stopped by Corey Crawford without a rebound.
14:11 of 3rd period - Jean-Gabriel Pageau wins face-off versus Zack MacEwen in ARIZONA zone.
14:29 of 3rd period - Jean-Gabriel Pageau is hit by Justin Braun and loses puck.
15:19 of 3rd period - Icing by Marcus Pettersson.
15:20 of 3rd period - Riley Sheahan wins face-off versus Jay Beagle in WINNIPEG zone.
16:31 of 3rd period - Shot by Evgeni Malkin.
16:31 of 3rd period - Shot Misses the Net.
16:33 of 3rd period - Shot by Gabriel Landeskog.
16:33 of 3rd period - Shot Hit the Post.
16:35 of 3rd period - Shot by Henri Jokiharju.
16:35 of 3rd period - Shot Blocked by Dan Hamhuis.
16:57 of 3rd period - Shot by Gabriel Landeskog.
16:57 of 3rd period - Stopped by Louis Domingue without a rebound.
16:58 of 3rd period - Adrian Kempe wins face-off versus J.T. Miller in WINNIPEG zone.
17:21 of 3rd period - Shot by Zack Kassian.
17:21 of 3rd period - Goal by Zack Kassian - WINNIPEG : 1 - ARIZONA : 3.
17:22 of 3rd period - Jean-Gabriel Pageau wins face-off versus Jay Beagle in neutral zone.
17:33 of 3rd period - Shot by Jean-Gabriel Pageau.
17:33 of 3rd period - Shot Misses the Net.
18:19 of 3rd period - J.T. Miller is hit by Evgeni Malkin and loses puck.
18:25 of 3rd period - Icing by Alexander Edler.
18:26 of 3rd period - J.T. Miller wins face-off versus Mikael Backlund in WINNIPEG zone.
18:26 of 3rd period - J.T. Miller is hit by Zack Kassian.
18:41 of 3rd period - J.T. Miller is hit by Zack Kassian and loses puck.
18:47 of 3rd period - Icing by Antoine Roussel.
18:48 of 3rd period - J.T. Miller wins face-off versus Evgeni Malkin in WINNIPEG zone.
18:48 of 3rd period - J.T. Miller is hit by Gabriel Landeskog.
18:53 of 3rd period - Off-side.
18:54 of 3rd period - Evgeni Malkin wins face-off versus Sidney Crosby in neutral zone.
19:31 of 3rd period - Shot by Bryan Little.
19:31 of 3rd period - Stopped by Louis Domingue without a rebound.
19:32 of 3rd period - Mikael Backlund wins face-off versus Jay Beagle in WINNIPEG zone.
Goals for this period are 0 for WINNIPEG vs 1 for ARIZONA.
Shots for this period are 5 for WINNIPEG vs 9 for ARIZONA.